SL
COLUMBUS TIDAL WAVES @ WIZARDING AC RAVENCLAWS
08/03/2019
 
TOP OF THE 1ST
Columbus Tidal Waves batting - Pitching for Wizarding AC Ravenclaws : RHP Dale West
Pitching: RHP Dale West
Batting: RHB Joseph Pate 0-0: Called Strike
0-1: Called Strike
0-2: Ball
1-2: Ball
2-2: Foul Ball, location: 2F
2-2: Ground out 5-3 (Groundball, 5)
Batting: LHB Do-hyung Nam 0-0: Ball
1-0: SINGLE (Line Drive, 9S)
Batting: RHB Cale Sutton 0-0: Ball
1-0: Ball
2-0: Fielders Choice at 2nd, 6-4 (Groundball, 6)
Batting: RHB Pepe Gómez 0-0: Called Strike
0-1: Called Strike
Cale Sutton steals 2nd base
0-2: Ball
1-2: Ground out 6-3 (Groundball, 6MS)
Top of the 1st over - 0 run(s), 1 hit(s), 0 error(s), 1 left on base; Columbus 0 - Wizarding AC 0
BOTTOM OF THE 1ST
Wizarding AC Ravenclaws batting - Pitching for Columbus Tidal Waves : LHP Will Savage
Pitching: LHP Will Savage
Batting: RHB Pedro Cruz 0-0: Ball
1-0: Foul Ball, location: 2F
1-1: Ground out 6-3 (Groundball, 6)
Batting: RHB Michael Montgomery 0-0: Ground out 6-3 (Groundball, 6M)
Batting: LHB William Wise 0-0: Foul Ball, location: 2F
0-1: Ball
1-1: Foul Ball, location: 2F
1-2: Ball
2-2: SINGLE (Groundball, 56D)
Batting: RHB Cole Shaffer 0-0: Ball
1-0: Ball
2-0: Ball
3-0: Called Strike
3-1: Foul Ball, location: 2F
3-2: Strikes out swinging
Bottom of the 1st over - 0 run(s), 1 hit(s), 0 error(s), 1 left on base; Columbus 0 - Wizarding AC 0
TOP OF THE 2ND
Columbus Tidal Waves batting - Pitching for Wizarding AC Ravenclaws : RHP Dale West
Batting: LHB James Murray 0-0: Ground out 3-1 (Groundball, 34)
Batting: SHB Todd Schenkel 0-0: Ground out 3-1 (Groundball, 34S)
Batting: RHB Florian Cesaresco 0-0: Called Strike
0-1: Fly out, F9 (Flyball, 9LS)
Top of the 2nd over - 0 run(s), 0 hit(s), 0 error(s), 0 left on base; Columbus 0 - Wizarding AC 0
BOTTOM OF THE 2ND
Wizarding AC Ravenclaws batting - Pitching for Columbus Tidal Waves : LHP Will Savage
Batting: LHB Jerry Harris 0-0: Ball
1-0: Ball
2-0: Ball
3-0: Called Strike
3-1: Called Strike
3-2: DOUBLE (Line Drive, 9LS)
Batting: RHB Matt Terry 0-0: Foul Ball, location: 2F
0-1: Swinging Strike
0-2: Foul Ball, location: 2F
0-2: Ball
1-2: Foul Ball, location: 2F
1-2: Ground out 6-3 (Groundball, 6M)
Jerry Harris to third
Batting: RHB Manuel González 0-0: Called Strike
0-1: Called Strike
0-2: Ground out 5-3 (Groundball, 5S)
Batting: RHB Juan Torres 0-0: Ball
1-0: 2-RUN HOME RUN (Line Drive, 7LD), Distance : 333 ft
Batting: RHB Dale West 0-0: Fly out, F7 (Flyball, 7M)
Bottom of the 2nd over - 2 run(s), 2 hit(s), 0 error(s), 0 left on base; Columbus 0 - Wizarding AC 2
TOP OF THE 3RD
Columbus Tidal Waves batting - Pitching for Wizarding AC Ravenclaws : RHP Dale West
Batting: RHB Joaquín Parra 0-0: Foul Ball, location: 2F
0-1: Foul Ball, location: 2F
0-2: Strikes out swinging
Batting: LHB Will Savage 0-0: Ball
1-0: Ball
2-0: Ball
3-0: Called Strike
3-1: Foul Ball, location: 2F
3-2: Foul Ball, location: 2F
3-2: Ground out 4-3 (Groundball, 4)
Batting: RHB Joseph Pate 0-0: Ball
1-0: Ball
2-0: Foul Ball, location: 2F
2-1: Ball
3-1: Base on Balls
Batting: LHB Do-hyung Nam 0-0: Called Strike
0-1: Ball
1-1: Called Strike
Joseph Pate steals 2nd base
1-2: Fly out, F2 (Popup, 2LF)
Top of the 3rd over - 0 run(s), 0 hit(s), 0 error(s), 1 left on base; Columbus 0 - Wizarding AC 2
BOTTOM OF THE 3RD
Wizarding AC Ravenclaws batting - Pitching for Columbus Tidal Waves : LHP Will Savage
Batting: RHB Pedro Cruz 0-0: Foul Ball, location: 2F
0-1: Ball
1-1: Called Strike
1-2: Ball
2-2: Ball
3-2: Strikes out swinging
Batting: RHB Michael Montgomery 0-0: Called Strike
0-1: Called Strike
0-2: DOUBLE (Flyball, 78M)
Batting: LHB William Wise 0-0: Swinging Strike
0-1: Ball
1-1: Called Strike
1-2: Strikes out looking
Batting: RHB Cole Shaffer 0-0: Called Strike
0-1: SINGLE (Groundball, 2L) (infield hit)
Michael Montgomery to third
Batting: LHB Jerry Harris 0-0: Ball
1-0: Ball
2-0: Called Strike
2-1: Ground out 4-3 (Groundball, 4)
Bottom of the 3rd over - 0 run(s), 2 hit(s), 0 error(s), 2 left on base; Columbus 0 - Wizarding AC 2
TOP OF THE 4TH
Columbus Tidal Waves batting - Pitching for Wizarding AC Ravenclaws : RHP Dale West
Batting: RHB Cale Sutton 0-0: Foul Ball, location: 2F
0-1: Ball
1-1: Foul Ball, location: 2F
1-2: Foul Ball, location: 2F
1-2: Foul Ball, location: 2F
1-2: Ball
2-2: Ball
3-2: Foul Ball, location: 2F
3-2: Ground out 1-3 (Groundball, 13)
Batting: RHB Pepe Gómez 0-0: Foul Ball, location: 2F
0-1: Ball
1-1: Fly out, F8 (Flyball, 8RM)
Batting: LHB James Murray 0-0: Ground out 3-1 (Groundball, 3L)
Top of the 4th over - 0 run(s), 0 hit(s), 0 error(s), 0 left on base; Columbus 0 - Wizarding AC 2
BOTTOM OF THE 4TH
Wizarding AC Ravenclaws batting - Pitching for Columbus Tidal Waves : LHP Will Savage
Batting: RHB Matt Terry 0-0: Called Strike
0-1: Ground out 1-3 (Groundball, 15)
Batting: RHB Manuel González 0-0: Ball
1-0: Ball
2-0: Fly out, F8 (Flyball, 8LM)
Batting: RHB Juan Torres 0-0: Ball
1-0: Ball
2-0: Foul Ball, location: 2F
2-1: Foul Ball, location: 2F
2-2: Foul Ball, location: 2F
2-2: Foul Ball, location: 2F
2-2: Ground out 4-3 (Groundball, 4M)
Bottom of the 4th over - 0 run(s), 0 hit(s), 0 error(s), 0 left on base; Columbus 0 - Wizarding AC 2
TOP OF THE 5TH
Columbus Tidal Waves batting - Pitching for Wizarding AC Ravenclaws : RHP Dale West
Batting: SHB Todd Schenkel 0-0: Ball
1-0: Ball
2-0: Ball
3-0: Foul Ball, location: 2F
3-1: Base on Balls
Batting: RHB Florian Cesaresco 0-0: Ball
Todd Schenkel is caught stealing 2nd base
1-0: Ball
2-0: Ball
3-0: Called Strike
3-1: TRIPLE (Line Drive, 9LS)
Batting: RHB Joaquín Parra 0-0: Called Strike
0-1: Ball
1-1: Fly out, F9 (Flyball, 9M)
Runner from 3rd tags up, OUT at HOME
Top of the 5th over - 0 run(s), 1 hit(s), 0 error(s), 0 left on base; Columbus 0 - Wizarding AC 2
BOTTOM OF THE 5TH
Wizarding AC Ravenclaws batting - Pitching for Columbus Tidal Waves : LHP Will Savage
Batting: RHB Dale West 0-0: Called Strike
0-1: Ball
1-1: Ball
2-1: Called Strike
2-2: Ground out 5-3 (Groundball, 5L)
Batting: RHB Pedro Cruz 0-0: Ball
1-0: Ball
2-0: Called Strike
2-1: Swinging Strike
2-2: Foul Ball, location: 2F
2-2: Ball
3-2: Base on Balls
Batting: RHB Michael Montgomery 0-0: Called Strike
0-1: Called Strike
0-2: Strikes out looking
Batting: LHB William Wise 0-0: Hit by Pitch
Pedro Cruz to second
Batting: RHB Cole Shaffer 0-0: Called Strike
0-1: Ball
1-1: Ball
2-1: Ball
3-1: Base on Balls
Pedro Cruz to third
William Wise to second
Batting: LHB Jerry Harris 0-0: Called Strike
0-1: Ground out 1-3 (Groundball, 13)
Bottom of the 5th over - 0 run(s), 0 hit(s), 0 error(s), 3 left on base; Columbus 0 - Wizarding AC 2
TOP OF THE 6TH
Columbus Tidal Waves batting - Pitching for Wizarding AC Ravenclaws : RHP Dale West
Pinch Hitting: LHB Jon MacIntyre 0-0: Fly out, F9 (Flyball, 89S)
Batting: RHB Joseph Pate 0-0: SINGLE (Line Drive, 56)
Batting: LHB Do-hyung Nam 0-0: Called Strike
0-1: Ball
1-1: Ball
2-1: Swinging Strike
2-2: Ball
3-2: Strikes out swinging
Batting: RHB Cale Sutton 0-0: Ball
1-0: Called Strike
1-1: Ball
2-1: Foul Ball, location: 2F
2-2: Strikes out swinging
Top of the 6th over - 0 run(s), 1 hit(s), 0 error(s), 1 left on base; Columbus 0 - Wizarding AC 2
BOTTOM OF THE 6TH
Wizarding AC Ravenclaws batting - Pitching for Columbus Tidal Waves : LHP Will Savage
Pitching: RHP Owen Henderson
Batting: RHB Matt Terry 0-0: Ball
1-0: Ball
2-0: Foul Ball, location: 2F
2-1: Ball
3-1: Base on Balls
Batting: RHB Manuel González 0-0: Sac Bunt - play at first, batter OUT! 5-3
Matt Terry to second
Batting: RHB Juan Torres 0-0: Ball
1-0: Ball
2-0: Called Strike
2-1: SINGLE (Groundball, 6M)
Matt Terry to third
Pinch Hitting: LHB Walter Kirk 0-0: Ball
1-0: Called Strike
1-1: Fly out, F9 (Line Drive, 9M)
Runner from 3rd tags up, SCORES, throw made
Batting: RHB Pedro Cruz 0-0: Called Strike
0-1: Foul Ball, location: 2F
0-2: Fly out, F4 (Line Drive, 4MD)
Bottom of the 6th over - 1 run(s), 1 hit(s), 0 error(s), 1 left on base; Columbus 0 - Wizarding AC 3
TOP OF THE 7TH
Columbus Tidal Waves batting - Pitching for Wizarding AC Ravenclaws : RHP Dale West
Pitching: RHP Mike Pinhey
Batting: RHB Pepe Gómez 0-0: Called Strike
0-1: Called Strike
0-2: Reached on error, E5 (Groundball, 56)
Batting: LHB James Murray 0-0: Ball
1-0: Ball
2-0: Swinging Strike
2-1: Swinging Strike
2-2: Strikes out swinging
Batting: SHB Todd Schenkel 0-0: Foul Ball, location: 2F
0-1: Ball
1-1: Ground out 4-3 (Groundball, 4M)
Pepe Gómez to third
Batting: RHB Florian Cesaresco 0-0: Ball
1-0: Ball
2-0: Called Strike
2-1: Ground out 4-3 (Groundball, 4)
Top of the 7th over - 0 run(s), 0 hit(s), 1 error(s), 1 left on base; Columbus 0 - Wizarding AC 3
BOTTOM OF THE 7TH
Wizarding AC Ravenclaws batting - Pitching for Columbus Tidal Waves : RHP Owen Henderson
Batting: RHB Michael Montgomery 0-0: Ball
1-0: Fly out, F6 (Popup, 6)
Batting: LHB William Wise 0-0: Ball
1-0: Fly out, F5 (Popup, 5SF)
Batting: RHB Cole Shaffer 0-0: Ball
1-0: Foul Ball, location: 2F
1-1: Foul Ball, location: 2F
1-2: SOLO HOME RUN (Flyball, 7LD), Distance : 320 ft
Batting: LHB Jerry Harris 0-0: Foul Ball, location: 2F
0-1: Ball
1-1: Ball
2-1: Swinging Strike
2-2: Ground out 5-3 (Groundball, 56)
Bottom of the 7th over - 1 run(s), 1 hit(s), 0 error(s), 0 left on base; Columbus 0 - Wizarding AC 4
TOP OF THE 8TH
Columbus Tidal Waves batting - Pitching for Wizarding AC Ravenclaws : RHP Mike Pinhey
Batting: RHB Joaquín Parra 0-0: Foul Ball, location: 2F
0-1: Ball
1-1: DOUBLE (Line Drive, 7LD)
Pinch Hitting: LHB Trent Kershaw 0-0: Called Strike
0-1: Ball
1-1: Ball
2-1: Called Strike
2-2: Ball
3-2: Base on Balls
Pitching: RHP Victor Burgess
Batting: RHB Joseph Pate 0-0: Grounds into double play, 1-6-3 (Groundball, 13S)
Joaquín Parra to third
Batting: LHB Do-hyung Nam 0-0: Called Strike
0-1: Ball
1-1: Ball
2-1: Called Strike
2-2: Ground out 4-3 (Groundball, 4)
Top of the 8th over - 0 run(s), 1 hit(s), 0 error(s), 1 left on base; Columbus 0 - Wizarding AC 4
BOTTOM OF THE 8TH
Wizarding AC Ravenclaws batting - Pitching for Columbus Tidal Waves : RHP Owen Henderson
Pitching: RHP Joe Johnson
Batting: RHB Matt Terry 0-0: Ground out 4-3 (Groundball, 13)
Batting: RHB Manuel González 0-0: Fly out, F9 (Line Drive, 9S)
Batting: RHB Juan Torres 0-0: Called Strike
0-1: Ball
1-1: Ball
2-1: Foul Ball, location: 2F
2-2: Foul Ball, location: 2F
2-2: Ball
3-2: Strikes out swinging
Bottom of the 8th over - 0 run(s), 0 hit(s), 0 error(s), 0 left on base; Columbus 0 - Wizarding AC 4
TOP OF THE 9TH
Columbus Tidal Waves batting - Pitching for Wizarding AC Ravenclaws : RHP Victor Burgess
Batting: RHB Cale Sutton 0-0: Ball
1-0: Foul Ball, location: 2F
1-1: Ball
2-1: Ball
3-1: Fly out, F3 (Popup, 34)
Batting: RHB Pepe Gómez 0-0: Ball
1-0: Ball
2-0: Ground out 3-1 (Groundball, 34)
Batting: LHB James Murray 0-0: Ball
1-0: Called Strike
1-1: Foul Ball, location: 2F
1-2: Strikes out swinging
Top of the 9th over - 0 run(s), 0 hit(s), 0 error(s), 0 left on base; Columbus 0 - Wizarding AC 4
This league is powered by Out of the Park Baseball, the baseball management simulation game for PC, Mac and Linux
Saturday, July 25th, 2015 - OOTP Baseball 15.6 Build 34